 Dungeon Crawl Stone Soup version 0.28.0-47-ge53b351184 (webtiles) character file.

Game seed: 749194539687599718

33 H0rd4k the Magician (level 3, -1/19 HPs)
             Began as a Deep Elf Hedge Wizard on Apr 26, 2022.
             Hit by a stone thrown by a hobgoblin (4 damage)
             ... on level 2 of the Dungeon.
             The game lasted 00:01:15 (1433 turns).

H0rd4k the Magician (Deep Elf Hedge Wizard)         Turns: 1433, Time: 00:01:16

Health: -1/19      AC:  2    Str:  7    XL:     3   Next: 12%
Magic:  5/12       EV: 12    Int: 20    God:
Gold:   132        SH:  0    Dex: 14    Spells: 4/13 levels left

rFire   . . .      SeeInvis .   a - +0 dagger
rCold   . . .      Faith    .   (no shield)
rNeg    . . .      Spirit   .   b - +0 robe
rPois   .          Reflect  .   c - +0 hat
rElec   .          Harm     .   (no cloak)
rCorr   .          Rampage  .   (no gloves)
Will    .....                   (no boots)
Stlth   ++........              (no amulet)
HPRegen 0.06/turn               (no ring)
MPRegen 0.13/turn               (no ring)

@: no status effects
A: no striking features
a: no special abilities


You were on level 2 of the Dungeon.
You visited 1 branch of the dungeon, and saw 2 of its levels.

You collected 132 gold pieces.

Inventory:

Hand Weapons
 a - a +0 dagger (weapon)
Armour
 b - a +0 robe (worn)
 c - a +0 hat (worn)
Jewellery
 f - a ring of poison resistance
 g - a +4 ring of protection
Scrolls
 d - 4 scrolls of identify {unknown}
 e - a scroll of enchant weapon {unknown}
Potions
 h - a potion of cancellation {unknown}


   Skills:
 + Level 2.7 Dodging
 - Level 2.4 Stealth
 + Level 5.7 Spellcasting
 + Level 1.2 Conjurations
 + Level 1.2 Summonings
 + Level 1.1 Translocations


You had 4 spell levels left.
You knew the following spells:

 Your Spells              Type           Power      Damage    Failure   Level
a - Magic Dart            Conj           40%        1d5       6%          1
b - Blink                 Tloc           20%        N/A       11%         2
c - Conjure Flame         Conj/Fire      8%         6-21      26%         3
d - Mephitic Cloud        Conj/Pois/Air  7%         N/A       26%         3

Your spell library contained the following spells:

 Spells                   Type           Power      Damage    Failure   Level
 Apportation              Tloc           20%        N/A       7%          1
 Summon Small Mammal      Summ           40%        N/A       7%          1
 Call Imp                 Summ           10%        N/A       10%         2
 Animate Skeleton         Necr           10%        N/A       11%         1
 Slow                     Hex            20%        N/A       11%         1


Dungeon Overview and Level Annotations

Branches:
Dungeon (2/15)

Altars:


Message History

You kill the frilled lizard!
You can't see any susceptible monsters within range! (Use Z to cast anyway.)
You can't see any susceptible monsters within range! (Use Z to cast anyway.)
You open the door.
A hobgoblin comes into view.
A hobgoblin is nearby!
A hobgoblin is nearby!
The magic dart hits the hobgoblin but does no damage.
The hobgoblin shouts!
The magic dart hits the hobgoblin but does no damage.
The hobgoblin throws a stone.
The stone hits you.
The magic dart hits the hobgoblin but does no damage.
The magic dart hits the hobgoblin but does no damage.
The hobgoblin throws a stone.
The stone hits you.
The magic dart hits the hobgoblin but does no damage.
The magic dart hits the hobgoblin but does no damage.
The magic dart hits the hobgoblin.
The hobgoblin is moderately wounded.
The hobgoblin closely misses you.
The magic dart hits the hobgoblin but does no damage.
The hobgoblin is moderately wounded.
The hobgoblin hits you.
The magic dart hits the hobgoblin but does no damage.
The hobgoblin closely misses you.
The magic dart hits the hobgoblin but does no damage.
The hobgoblin barely misses you.
The magic dart hits the hobgoblin but does no damage.
The hobgoblin hits you.
You are too injured to fight recklessly!
You are too injured to fight recklessly!
You are too injured to fight recklessly!
You hit the hobgoblin but do no damage. The hobgoblin misses you.
You closely miss the hobgoblin.
You punch the hobgoblin, but do no damage.
The hobgoblin hits you.
The hobgoblin throws a stone.
The stone hits you.
* * * LOW HITPOINT WARNING * * *
The hobgoblin throws a stone.
The stone closely misses you.
The hobgoblin throws a stone.
The stone hits you.
You die...

#.....###...########
#####.# ##### #.# #.#
#.# #.# #.# ##†######
##..@....#
#........######
#.............#
#.....#..####.#
#.......#..####.#####
#.#.........g.......#
...###.#####.###g###.#
## #+# #.# #.###.# ...
#.# #.....#


You could see a hobgoblin.

Vanquished Creatures
  An adder (D:2)
  3 endoplasms (D:1)
  3 goblins (D:1)
  4 hobgoblins (D:1)
  A quokka (D:1)
  2 bats (D:1)
  3 frilled lizards
  3 kobolds (D:1)
  4 rats
24 creatures vanquished.

Notes
Turn   | Place    | Note
-------+----------+-------------------------------------------
     0 | D:1      | H0rd4k the Deep Elf Hedge Wizard began the quest for the
                  | Orb.
     0 | D:1      | Reached XP level 1. HP: 10/10 MP: 7/7
   288 | D:1      | Reached skill level 5 in Spellcasting
   288 | D:1      | Reached XP level 2. HP: 15/15 MP: 6/10
  1288 | D:2      | Reached XP level 3. HP: 19/19 MP: 4/12
  1291 | D:2      | Learned a level 2 spell: Blink
  1295 | D:2      | Learned a level 3 spell: Conjure Flame
  1299 | D:2      | Learned a level 3 spell: Mephitic Cloud
  1433 | D:2      | Hit by a stone thrown by a hobgoblin

Illustrated notes

Levels and vault maps discovered:
D:1:      matt_arrival_los_fun, layout_basic, minmay_split_cup_large
D:2:      layout_loops_corners, minmay_close_crescents, uniq_crazy_yiuf_cottage,
          uniq_sigmund

Skill      XL: |  1 |
---------------+----+-----
Spellcasting   | 5 |  5.7
Dodging        | |  2.7
Stealth        | |  2.4
Conjurations   | |  1.2
Summonings     | |  1.2
Translocations | |  1.1

Action                   || total
-------------------------++-------
Melee: Dagger            ||     4
       Punch             ||     1
 Cast: Magic Dart        ||    72
Armor: Robe              ||     4
Dodge: Dodged            ||    14
